 Dungeon Crawl Stone Soup version 0.23.2-1-ga50397a (webtiles) character file.

Game seed: 14420424095776043696

3423 Littleduck the Frost Mage (level 9, 0/45 HPs)
             Began as a Deep Elf Ice Elementalist on May 1, 2019.
             Was a Priest of Sif Muna.
             Killed by vampiric draining
             ... invoked by a vampire
              (13 damage)
             ... on level 8 of the Dungeon.
             The game lasted 00:51:12 (10653 turns).

Littleduck the Frost Mage (DEIE)                   Turns: 10653, Time: 00:51:13

Health: 0/45       AC: 15    Str:  5    XL:     9   Next: 76%
Magic:  2/30       EV: 12    Int: 24    God:    Sif Muna [***...]
Gold:   365        SH:  0    Dex: 15    Spells: 8/22 levels left

rFire    . . .     SeeInvis +   C - +7 quarterstaff "Rewnunna" {holy, rC+}
rCold    + . .     Gourm    +   (shield currently unavailable)
rNeg     . . .     Faith    .   E - +0 troll leather armour
rPois    .         Spirit   .   (no helmet)
rElec    .         Reflect  .   O - +0 cloak
rCorr    .         Harm     .   s - +2 pair of gloves
MR       .....                  (no boots)
Stlth    ++........             i - amulet of the gourmand
HPRegen  0.55/turn              f - ring of see invisible
MPRegen  0.22/turn              q - ring of magical power

@: icy armour
A: no striking features
a: Divine Energy, Channel Magic, Renounce Religion


You were on level 8 of the Dungeon.
You worshipped Sif Muna.
Sif Muna was most pleased with you.
You were very full.

You visited 2 branches of the dungeon, and saw 10 of its levels.

You collected 365 gold pieces.

Inventory:

Hand Weapons
 C - the +7 quarterstaff "Rewnunna" (weapon) {holy, rC+}
   (You found it on level 6 of the Dungeon)

   It has been blessed by the Shining One to cause great damage to the undead
   and demons.
   It protects you from cold.
Armour
 p - a +0 animal skin
 s - a +2 pair of gloves (worn)
 E - a +0 troll leather armour (worn)
 O - a +0 cloak (worn)
Magical Staves
 d - an uncursed staff of earth
Jewellery
 b - an uncursed ring of fire
 f - a ring of see invisible (left hand)
 i - an amulet of the gourmand (around neck)
 l - an uncursed amulet of regeneration
 q - a ring of magical power (right hand)
 r - an uncursed ring of poison resistance
 G - an uncursed ring of fire
 H - a +5 amulet of reflection {unknown}
Wands
 v - a wand of scattershot (8)
 D - a wand of random effects (16)
Scrolls
 a - 2 scrolls of enchant armour {unknown}
 g - 4 scrolls of teleportation {unknown}
 o - 6 scrolls of remove curse {unknown}
 t - a scroll of fog
 u - 5 scrolls of magic mapping {unknown}
 y - 2 scrolls of immolation
 z - 2 scrolls of noise {unknown}
 A - 2 scrolls of amnesia
 K - 2 scrolls of silence {unknown}
 M - a scroll of enchant weapon {unknown}
 N - a scroll of identify
Potions
 e - 2 potions of magic
 h - a potion of resistance
 j - a potion of flight
 k - a potion of agility
 n - a potion of lignification
 x - a potion of curing
 F - a potion of heal wounds
 I - a potion of mutation {unknown}
 J - a potion of invisibility {unknown}
Comestibles
 c - 16 rations


   Skills:
 - Level 4.2 Staves
 - Level 2.5 Dodging
 - Level 2.4 Stealth
 - Level 7.0 Spellcasting
 - Level 8.0 Conjurations
 - Level 5.1 Summonings
 + Level 9.9 Ice Magic


You had 8 spell levels left.
You knew the following spells:

 Your Spells              Type           Power        Failure   Level  Hunger
a - Throw Frost           Conj/Ice       ######       1%          2    None
s - Throw Icicle          Conj/Ice       ######..     3%          4    ###....
z - Freeze                Ice            ####         1%          1    None
Q - Summon Ice Beast      Ice/Summ       #####...     5%          4    ###....
Z - Ozocubu's Armour      Chrm/Ice       ####....     4%          3    None

Your spell library contained the following spells:

 Spells                   Type           Power        Failure   Level  Hunger
 Confusing Touch          Hex            #.....       12%         1    None
 Confuse                  Hex            #.......     34%         3    None
 Gell's Gravitas          Tloc           #.........   34%         3    None
 Metabolic Englaciation   Hex/Ice        ####......   41%         5    #####..
 Petrify                  Tmut/Erth      #.......     75%         4    ###....
 Yara's Violent Unravell  Hex/Tmut       #.........   97%         5    #####..


Dungeon Overview and Level Annotations

Branches:
Dungeon (9/15)             Temple (1/1) D:4
   Lair: D:8-11         Orc: D:9-12

Altars:
Ashenzari
Cheibriados
Dithmenos
Elyvilon
Fedhas
Gozag
Hepliaklqana
Kikubaaqudgha
Makhleb
Nemelex Xobeh
Okawaru
Qazlal
Ru
Sif Muna
Trog
Uskayaw
Vehumet
Wu Jian
Xom
Yredelemnul
Zin
The Shining One

Annotations:
D:4 exclusion: ogre
D:5 Centaur!
D:6 Dowan, Duvessa


Message History

The vampire is severely damaged.
The vampire casts a spell at you. You resist with some effort.
Casting: Throw Icicle (safe; 3% risk of failure)
Confirm with . or Enter, or press ? or * to list all spells.
Aiming: Throw Icicle (safe; 3% risk of failure)
Press: ? - help, Shift-Dir - straight line, f/p - vampire
Aim: a vampire (severely damaged, slightly transparent)
The shard of ice hits the vampire.
The vampire partially resists.
The vampire is almost destroyed.
The vampire is infused with unholy energy.
* * * LOW HITPOINT WARNING * * *
The vampire draws life force from you and is healed!
Casting: Throw Icicle (safe; 3% risk of failure)
Confirm with . or Enter, or press ? or * to list all spells.
You don't have enough magic to cast that spell.
You hit the vampire.
The vampire convulses.
The vampire is almost destroyed.
The vampire is infused with unholy energy.
You die...

.<.............#.#
##########.##..#.#
...............#.#
.#########.#...#.#
.# #.#...#.# .#
#.#.#.#.# .#
#.#.#...# .#
#.#.#.V.#
.#########.#.#..@#
...........#.#.###
##########.#.#.#
...........#.#.#
##########.#.#.#
#...#.#.#.#
#.#.#.#.#.#
#.#.#.#.#.# ####
#.#<#.#.#.#


You could see a vampire (invisible).

Vanquished Creatures
  A troll (D:7)
  A hornet (D:8)
  Grinder (D:6)
  A hungry ghost (D:7)
  Menkaure (D:6)
  A water moccasin (D:6)
  2 ice beasts
  An orc warrior (D:7)
  2 phantoms
  2 ogres
  Blork the orc (D:6)
  4 bullfrogs
  2 wyvern skeletons
  A scorpion (D:5)
  5 howler monkeys
  3 crimson imps
  A bullfrog zombie (D:7)
  A centaur zombie (D:6)
  2 jellies (D:6)
  A bullfrog skeleton (D:4)
  A centaur skeleton (D:6)
  8 hounds
  4 orc priests
  2 orc wizards
  2 iguanas
  7 worker ants
  A hound zombie (D:5)
  2 hound skeletons
  2 worker ant zombies
  3 adders
  A shadow imp (D:6)
  2 oozes
  An adder zombie (D:6)
  An adder skeleton (D:8)
  2 dart slugs
  8 leopard geckos
  19 orcs
  6 giant cockroaches
  9 goblins
  11 hobgoblins
  19 jackals
  2 quokkas (D:7)
  2 ball pythons
  7 bats
  10 frilled lizards
  3 kobolds (D:1)
  A quokka zombie (D:6)
  5 rats
175 creatures vanquished.

Vanquished Creatures (collateral kills)
  An ogre (D:6)
  An orc (D:6)
  A quokka (D:6)
3 creatures vanquished.

Grand Total: 178 creatures vanquished

Notes
Turn   | Place    | Note
-------+----------+-------------------------------------------
     0 | D:1      | Littleduck the Deep Elf Ice Elementalist began the quest
                  | for the Orb.
     0 | D:1      | Reached XP level 1. HP: 10/10 MP: 6/6
   324 | D:1      | Reached XP level 2. HP: 10/15 MP: 5/8
   328 | D:1      | Learned a level 2 spell: Throw Frost
   501 | D:1      | Reached skill level 4 in Ice Magic
   824 | D:1      | Reached XP level 3. HP: 19/19 MP: 7/9
  1196 | D:2      | Found an opulent altar of Gozag.
  1548 | D:2      | Found a bloodstained altar of Trog.
  2018 | D:3      | Reached XP level 4. HP: 24/24 MP: 8/11
  2491 | D:3      | Reached skill level 5 in Ice Magic
  2562 | D:3      | Reached XP level 5. HP: 28/28 MP: 4/13
  3106 | D:4      | Found a staircase to the Ecumenical Temple.
  3111 | D:4      | Reached skill level 6 in Ice Magic
  3111 | D:4      | Reached XP level 6. HP: 26/32 MP: 7/14
  3116 | Temple   | Entered the Ecumenical Temple
  3125 | Temple   | Became a worshipper of Sif Muna the Loreminder
  3462 | D:4      | Learned a level 4 spell: Throw Icicle
  3467 | D:4      | Learned a level 4 spell: Summon Ice Beast
  3610 | D:5      | Entered Level 5 of the Dungeon
  3626 | D:4      | Reached skill level 5 in Conjurations
  4100 | D:4      | Reached XP level 7. HP: 36/36 MP: 7/15
  4596 | D:5      | Reached * piety under Sif Muna
  4849 | D:5      | Reached skill level 1 in Summonings
  5343 | D:5      | Reached skill level 5 in Spellcasting
  5625 | D:3      | Found a shadowy altar of Dithmenos.
  5728 | D:5      | Learned a level 3 spell: Ozocubu's Armour
  6356 | D:6      | Got a brightly glowing quarterstaff
  6361 | D:6      | Noticed Menkaure
  6364 | D:6      | Killed Menkaure
  6364 | D:6      | Reached skill level 7 in Ice Magic
  6525 | D:6      | Identified the +7 quarterstaff "Rewnunna" {holy, rC+} (You
                  | found it on level 6 of the Dungeon)
  6630 | D:5      | Reached XP level 8. HP: 41/41 MP: 17/17
  6923 | D:6      | Reached ** piety under Sif Muna
  6951 | D:6      | Noticed Duvessa
  7067 | D:6      | Noticed Grinder
  7133 | D:6      | Paralysed by Grinder for 6 turns
  7139 | D:6      | Killed Grinder
  7276 | D:6      | Noticed Blork the orc
  7279 | D:6      | Killed Blork the orc
  7561 | D:6      | Reached skill level 8 in Ice Magic
  7842 | D:6      | Reached skill level 5 in Summonings
  8132 | D:6      | Noticed Dowan
  8229 | D:7      | Reached XP level 9. HP: 37/45 MP: 21/21
  8325 | D:7      | Reached *** piety under Sif Muna
  8370 | D:7      | Reached skill level 1 in Staves
  8496 | D:7      | Noticed a troll
  8501 | D:7      | Killed a troll
  8841 | D:7      | Reached skill level 9 in Ice Magic
 10653 | D:8      | Killed from afar by a vampire

Skill      XL: |  1  2  3  4  5  6  7  8  9 |
---------------+----------------------------+-----
Ice Magic      | 4 5 6 7 8 9 |  9.9
Conjurations   | 2 3 5 6 7 8 |  8.0
Spellcasting   | 4 5 6 7 |  7.0
Summonings     | 3 5 |  5.1
Staves         | 4 |  4.2
Dodging        | |  2.5
Stealth        | |  2.4

Action                   |  1- 3 |  4- 6 |  7- 9 || total
-------------------------+-------+-------+-------++-------
Melee: Dagger            |    11 |    45 |    37 ||    93
       Club              |     2 |       |       ||     2
       Quarterstaff      |       |       |    40 ||    40
 Cast: Freeze            |    47 |    45 |    44 ||   136
       Throw Frost       |    16 |    26 |    47 ||    89
       Throw Icicle      |       |     5 |    71 ||    76
       Summon Ice Beast  |       |       |     5 ||     5
       Ozocubu's Armour  |       |       |     4 ||     4
  Use: Scroll            |       |       |    11 ||    11
       Potion            |       |       |     2 ||     2
 Stab: Sleeping          |     3 |     3 |     1 ||     7
  Eat: Chunk             |     6 |    20 |    27 ||    53
Armor: Leather armour    |     8 |       |       ||     8
       Animal skin       |     2 |    15 |    25 ||    42
       Troll leather arm |       |       |     9 ||     9
Dodge: Dodged            |    23 |    42 |    70 ||   135
